 Dungeon Crawl Stone Soup version 0.19.0-11-g3fc08b3 (console) character file.

140 lynn the Shield-Bearer (level 5, -1/43 HPs)
             Began as a Formicid Fighter on Nov 8, 2016.
             Slain by an orc priest
             ... wielding a +0 flail
              (11 damage)
             ... on level 3 of the Dungeon.
             The game lasted 00:00:29 (1393 turns).

lynn the Shield-Bearer (Formicid Fighter)           Turns: 1393, Time: 00:00:29

Health: -1/43      AC:  6    Str: 21    XL:     5   Next: 47%
Magic:  5/5        EV:  8    Int:  7    God:
Gold:   83         SH: 10    Dex: 11    Spells: 0 memorised, 4 levels left

rFire  . . .     SeeInvis +     a - +0 war axe
rCold  . . .     Gourm    .     b - +0 scale mail
rNeg   . . .     Faith    .     c - +0 shield
rPois  .         Spirit   .     (helmet unavailable)
rElec  .         Reflect  .     (no cloak)
rCorr  .         Harm     .     (no gloves)
MR     .....                    (no boots)
Stlth  ..........               (no amulet)
                                (no ring)
                                (no ring)

@: no status effects
A: permanent stasis, dig shafts and tunnels, four strong arms, antennae 3
a: Dig, Shaft Self


You were on level 3 of the Dungeon.
You were not hungry.

You visited 1 branch of the dungeon, and saw 3 of its levels.

You collected 83 gold pieces.

Inventory:

Hand Weapons
 a - a +0 war axe (weapon)
Armour
 b - a +0 scale mail (worn)
 c - a +0 shield (worn)
Jewellery
 e - an uncursed amulet of the gourmand {unknown}
 p - a +5 ring of intelligence {unknown}
Scrolls
 h - a scroll of identify {unknown}
 i - a scroll of enchant armour {unknown}
 k - a scroll of amnesia {unknown}
 l - 3 scrolls of remove curse {unknown}
 o - a scroll of blinking {unknown}
Potions
 d - 2 potions of might
 n - a potion of mutation {unknown}
 q - 2 potions of lignification {unknown}
Comestibles
 f - a bread ration
 g - a chunk of flesh
 j - a meat ration
 m - a slice of pizza


   Skills:
 + Level 4.5 Fighting
 + Level 3.5 Axes
 - Level 3.2 Armour
 + Level 4.7 Shields


You had 4 spell levels left.
You didn't know any spells.

Dungeon Overview and Level Annotations

Branches:
Dungeon (3/15)

Altars:


Innate Abilities, Weirdness & Mutations

You are under a permanent stasis effect.
You can dig through walls and to a lower floor.
Your four strong arms can wield two-handed weapons with a shield.
You have a pair of large antennae on your head. (SInv)


Message History

You kill the orc!
You hit the goblin.
You kill the goblin!
You block the orc priest's attack. The orc priest hits you with a flail!
The orc priest hits you but does no damage.
The orc priest misses you.
You closely miss the orc priest.
The orc priest is severely wounded.
You barely miss the orc priest. The orc priest hits you with a flail!
The orc priest hits you with an enchanted war axe.
* * * LOW HITPOINT WARNING * * *
Unknown command.
You closely miss the orc priest.
The orc priest is severely wounded.
You hit the orc priest but do no damage.
You block the orc priest's attack. The orc priest closely misses you.
You closely miss the orc priest.
The orc priest is severely wounded.
You barely miss the orc priest. The orc priest hits you with a flail!
You die...

###.# #.##.#.#.####..##.
#.# #.##.#.#.#........
.. #.##...........##.
..#####.............###.
........##....<...#.....
..#####.##.#...#......#.
#.##............+
..#####'##............#
##
.....go@......##......#
..
#.....o)).....##.##..##
# #.............##.##..#
.
..............##.##..##.
#.............##........
#.............#####.....
..#..##'#...............
..##. ....##............
........#...


You could see 2 orc priests and a goblin.

Vanquished Creatures
  An orc priest (D:3)
  2 adders
  An ooze (D:2)
  A worm (D:2)
  A dart slug (D:3)
  2 leopard geckos
  12 orcs (D:3)
  6 bats
  5 giant cockroaches
  10 goblins
  6 hobgoblins
  4 jackals (D:3)
  2 quokkas
  2 frilled lizards
  4 kobolds
  7 rats
66 creatures vanquished.

Notes
Turn   | Place    | Note
-------+----------+-------------------------------------------
     0 | D:1      | lynn the Formicid Fighter began the quest for the Orb.
     0 | D:1      | Reached XP level 1. HP: 18/18 MP: 1/1
   151 | D:1      | Reached XP level 2. HP: 21/24 MP: 2/2
   530 | D:1      | Reached XP level 3. HP: 30/30 MP: 3/3
   718 | D:2      | Reached XP level 4. HP: 29/37 MP: 4/4
  1031 | D:3      | Reached XP level 5. HP: 16/43 MP: 5/5
  1393 | D:3      | Slain by an orc priest

Skill      XL: |  1  2  3  4 |
---------------+-------------+-----
Shields        | 4 |  4.7
Fighting       | 4 |  4.5
Axes           | 3 |  3.5
Armour         | |  3.2

Action                   |  1- 3 |  4- 6 || total
-------------------------+-------+-------++-------
Melee: War axe           |    88 |    98 ||   186
  Eat: Chunk             |       |     2 ||     2
Armor: Scale mail        |    36 |    31 ||    67
Dodge: Dodged            |    26 |    45 ||    71
Block: Shield            |    53 |    66 ||   119

Vault maps used:
D:1:      onia_arrival_larder, minmay_misc_feat_secret_circle
D:3:      lemuel_upstairs_altar
